[Event "8th Holuj-Radzikowska Rapid 2018"]
[Site "Wroclaw"]
[Date "2018.12.10"]
[Round "1"]
[White "Socko, Monika"]
[Black "Skripchenko, Almira"]
[Result "1-0"]
[ECO "C41"]
[WhiteElo "2458"]
[BlackElo "2408"]
[Annotator "ChessBase"]
[PlyCount "149"]
[EventDate "2018.11.26"]
[EventType "schev"]
[EventCountry "POL"]
[SourceTitle "playchess.com"]
[Source "ChessBase"]
[SourceQuality "1"]
[WhiteTeam "Poland"]
[BlackTeam "World"]
[WhiteTeamCountry "POL"]
[TimeControl "900+10"]

1. e4 d6 2. d4 Nf6 3. Nc3 e5 4. Nf3 Nbd7 5. Bc4 Be7 6. a4 O-O 7. a5 a6 8. O-O h6 9. Re1 exd4 10. Qxd4 Ne5 11. Be2 Be6 12. Bf4 Nc6 13. Qd2 Re8 14. h3 Bf8 15. Bf1 Nd7 16. Nd5 Nde5 17. Ra3 Ng6 18. Bg3 Qd7 19. c4 f5 20. b4 Nce5 21. exf5 Bxf5 22. Nd4 Rec8 23. f4 Nc6 24. Nxf5 Qxf5 25. Be2 h5 26. Ne3 Qe4 27. Bxh5 Nge7 28. Bf3 Qg6 29. Bf2 Qf6 30. Nd5 Nxd5 31. Bxd5+ Kh8 32. Rg3 Re8 33. Rg5 Rxe1+ 34. Qxe1 g6 35. Qe4 Kh7 36. Bxc6 bxc6 37. Bd4 Re8 38. Qxe8 Qxd4+ 39. Kh1 Qf6 40. Qe4 Bg7 41. Kh2 Bh6 42. Rg4 d5 43. cxd5 cxd5 44. Qxd5 Bxf4+ 45. g3 Bd6 46. Qd2 Qe6 47. Rh4+ Kg8 48. Qc2 Qf6 49. Rg4 Kh7 50. h4 Qe6 51. Qe4 Qf6 52. Qe2 Qf5 53. Rg5 Qf6 54. Qc2 Kh6 55. Rg4 Qe6 56. Qd2+ Kh7 57. Rd4 Qe5 58. Rd3 Qe4 59. Rd4 Qf3 60. Qg2 Qe3 61. Rg4 Qe6 62. Qe4 Qf7 63. Kg2 Qa2+ 64. Kh3 Qf7 65. Qd3 Kh6 66. b5 axb5 67. a6 Bc5 68. Qxb5 Qf2 69. Qd3 Qf6 70. Rf4 Qc6 71. Rf3 Bb6 72. g4 Qa4 73. Qd2+ Kg7 74. Qc3+ Kh7 75. Rf7+ 1-0

[Event "8th Holuj-Radzikowska Rapid 2018"]
[Site "Wroclaw"]
[Date "2018.12.10"]
[Round "1"]
[White "Zawadzka, Jolanta"]
[Black "Javakhishvili, Lela"]
[Result "1/2-1/2"]
[ECO "B36"]
[WhiteElo "2423"]
[BlackElo "2464"]
[Annotator "ChessBase"]
[PlyCount "107"]
[EventDate "2018.11.26"]
[EventType "schev"]
[EventCountry "POL"]
[SourceTitle "playchess.com"]
[Source "ChessBase"]
[SourceQuality "1"]
[WhiteTeam "Poland"]
[BlackTeam "World"]
[WhiteTeamCountry "POL"]
[TimeControl "900+10"]

1. e4 c5 2. Nf3 Nc6 3. d4 cxd4 4. Nxd4 g6 5. c4 d6 6. Nc3 Nf6 7. Be2 Nxd4 8. Qxd4 Bg7 9. O-O O-O 10. Qd3 Nd7 11. Bd2 a5 12. b3 Nc5 13. Qe3 Ne6 14. Rac1 Nd4 15. Rfd1 e5 16. Nb5 f5 17. Nxd4 exd4 18. Qd3 Qh4 19. Bf3 f4 20. c5 g5 21. g3 Qh6 22. cxd6 Qxd6 23. gxf4 gxf4 24. Kh1 Be6 25. Rg1 Rf7 26. Rg5 a4 27. e5 Qd7 28. Rcg1 Kh8 29. bxa4 Rxa4 30. Be4 Rxa2 31. f3 Bd5 32. Bxd5 Qxd5 33. Rh5 h6 34. Bc1 Ra6 35. Bb2 Re6 36. Bxd4 Rd7 37. Rd1 Kg8 38. Kg2 Rxe5 39. Bxe5 Qxd3 40. Rxd3 Rxd3 41. Bxf4 Kh7 42. Rb5 Rd7 43. Kg3 Kg6 44. h4 Bd4 45. h5+ Kh7 46. Kg4 b6 47. Be5 Bxe5 48. Rxe5 Rb7 49. Rb5 Kg7 50. f4 Kf6 51. Rf5+ Ke6 52. Rb5 Kf6 53. Rf5+ Ke6 54. Rb5 {[%emt 0:00:02] Ke5} 1/2-1/2

[Event "8th Holuj-Radzikowska Rapid 2018"]
[Site "Wroclaw"]
[Date "2018.12.10"]
[Round "2"]
[White "Abdumalik, Zhansaya"]
[Black "Socko, Monika"]
[Result "1/2-1/2"]
[ECO "B17"]
[WhiteElo "2470"]
[BlackElo "2458"]
[Annotator "ChessBase"]
[PlyCount "105"]
[EventDate "2018.11.26"]
[EventType "schev"]
[EventCountry "POL"]
[SourceTitle "playchess.com"]
[Source "ChessBase"]
[SourceQuality "1"]
[WhiteTeam "World"]
[BlackTeam "Poland"]
[BlackTeamCountry "POL"]
[TimeControl "900+10"]

1. e4 c6 2. d4 d5 3. Nd2 dxe4 4. Nxe4 Nd7 5. Nf3 Ngf6 6. Ng3 e6 7. Bd3 c5 8. c3 Be7 9. O-O Qc7 10. Qe2 O-O 11. Re1 b6 12. Ne5 Bb7 13. h4 Rad8 14. h5 cxd4 15. cxd4 Nxe5 16. dxe5 Qc6 17. f3 Bc5+ 18. Be3 Ng4 19. Be4 Bxe3+ 20. Qxe3 Nxe3 21. Bxc6 Bxc6 22. Rxe3 Rd2 23. Re2 Rfd8 24. Rxd2 Rxd2 25. Rc1 Be8 26. Ne4 Rd8 27. Rc7 a5 28. Nd6 f6 29. Nxe8 Rxe8 30. Rb7 fxe5 31. Rxb6 Kf7 32. Rb5 a4 33. Rxe5 Rb8 34. Re2 Kf6 35. Kf2 Rb4 36. g4 g6 37. hxg6 hxg6 38. Kg3 g5 39. Kf2 e5 40. Ke3 Ke6 41. Rd2 Rb8 42. a3 Rc8 43. Kd3 Rc1 44. Rc2 Rf1 45. Ke3 Re1+ 46. Re2 Rd1 47. Ke4 Rd4+ 48. Ke3 Rd1 49. Rc2 Re1+ 50. Kf2 Rb1 51. Rd2 Ke7 52. Ke3 Ke6 53. Rc2 1/2-1/2

[Event "8th Holuj-Radzikowska Rapid 2018"]
[Site "Wroclaw"]
[Date "2018.12.10"]
[Round "2"]
[White "Warakomska, Anna"]
[Black "Skripchenko, Almira"]
[Result "1-0"]
[ECO "C55"]
[WhiteElo "2233"]
[BlackElo "2408"]
[Annotator "ChessBase"]
[PlyCount "109"]
[EventDate "2018.11.26"]
[EventType "schev"]
[EventCountry "POL"]
[SourceTitle "playchess.com"]
[Source "ChessBase"]
[SourceQuality "1"]
[WhiteTeam "Poland"]
[BlackTeam "World"]
[WhiteTeamCountry "POL"]
[TimeControl "900+10"]

1. e4 e5 2. Nf3 Nc6 3. Bc4 Nf6 4. d3 Be7 5. O-O O-O 6. Re1 d6 7. a4 Na5 8. Ba2 c5 9. Na3 Nc6 10. c3 a6 11. Nc2 Bg4 12. Ne3 Bh5 13. Bd2 Nd7 14. Nf5 Bg6 15. Ne3 Kh8 16. b4 cxb4 17. cxb4 Bh5 18. Nf5 Nb6 19. b5 axb5 20. axb5 Nb8 21. Be3 N8d7 22. Ng3 Bg6 23. d4 Bf6 24. Bb3 h6 25. Rxa8 Qxa8 26. dxe5 dxe5 27. Qd6 Qd8 28. Rd1 Re8 29. Bxb6 Nxb6 30. Qxd8 Bxd8 31. h4 h5 32. Nxe5 Rxe5 33. Rxd8+ Kh7 34. Bd5 Nxd5 35. Rxd5 Re7 36. f3 Kh6 37. Kf2 Rc7 38. Ke3 f6 39. Nf5+ Kh7 40. Nd6 b6 41. g4 Kh6 42. g5+ fxg5 43. hxg5+ Kh7 44. f4 h4 45. f5 Bh5 46. g6+ Bxg6 47. fxg6+ Kxg6 48. Nf5 h3 49. Rd2 Kg5 50. Nd4 Kh4 51. e5 g5 52. e6 g4 53. Kf4 Kh5 54. Re2 Kg6 55. e7 1-0

[Event "8th Holuj-Radzikowska Rapid 2018"]
[Site "Wroclaw"]
[Date "2018.12.10"]
[Round "3"]
[White "Skripchenko, Almira"]
[Black "Kulon, Klaudia"]
[Result "1-0"]
[ECO "C48"]
[WhiteElo "2408"]
[BlackElo "2333"]
[Annotator "RC"]
[PlyCount "117"]
[EventDate "2018.11.26"]
[EventType "schev"]
[EventCountry "POL"]
[SourceTitle "playchess.com"]
[Source "ChessBase"]
[SourceQuality "1"]
[WhiteTeam "World"]
[BlackTeam "Poland"]
[BlackTeamCountry "POL"]
[TimeControl "900+10"]

1. e4 e5 2. Nf3 Nc6 3. Nc3 Nf6 4. Bb5 Bd6 5. a3 O-O 6. d3 h6 7. g4 Nxg4 8. Rg1 Nxf2 9. Kxf2 Bc5+ 10. Be3 Nd4 11. b4 Bb6 12. Bxd4 Bxd4+ 13. Nxd4 exd4 14. Ne2 Qh4+ 15. Rg3 f5 16. Bc4+ Kh8 17. exf5 d5 18. Bxd5 Qxh2+ 19. Ke1 Bxf5 20. Kd2 Rae8 21. Rg2 Qe5 22. Be4 Bxe4 23. dxe4 Qxe4 24. Qg1 Rf3 25. Qxd4 Qe7 26. Kc1 Rf6 27. Nc3 Rd8 28. Qc5 Qf7 29. Kb2 Rc6 30. Qe5 Re8 31. Qd4 Rd6 32. Qf2 Qc4 33. Re1 Rxe1 34. Qxe1 a5 35. Qe5 Qf7 36. Qxa5 Qf6 37. Qa8+ Kh7 38. Qxb7 Rc6 39. Rg3 h5 40. b5 Rc5 41. Qe4+ g6 42. a4 Rf5 43. Rd3 h4 44. Kb3 Kh6 45. Nd5 Qa1 46. Qxh4+ Rh5 47. Qf4+ Kg7 48. Nc3 Rf5 49. Rd7+ Kf6 50. Qh4+ g5 51. Qd4+ Kg6 52. Rg7+ Kh6 53. Rg8 Kh5 54. Rh8+ Kg6 55. Qd7 Rf4 56. Qh7+ Kf6 57. Rf8+ Ke5 58. Qe7+ Kd4 59. Rd8# 1-0

[Event "8th Holuj-Radzikowska Rapid 2018"]
[Site "Wroclaw"]
[Date "2018.12.11"]
[Round "8"]
[White "Kulon, Klaudia"]
[Black "Skripchenko, Almira"]
[Result "1/2-1/2"]
[ECO "A36"]
[WhiteElo "2333"]
[BlackElo "2408"]
[Annotator "NA RC"]
[PlyCount "52"]
[EventDate "2018.11.26"]
[EventType "schev"]
[EventCountry "POL"]
[SourceTitle "playchess.com"]
[Source "ChessBase"]
[SourceQuality "1"]
[WhiteTeam "Poland"]
[BlackTeam "World"]
[WhiteTeamCountry "POL"]
[TimeControl "900+10"]

1. c4 c5 2. g3 Nc6 3. Bg2 g6 4. Nc3 Bg7 5. e3 d6 6. Nge2 e5 7. O-O Nge7 8. d3 O-O 9. h3 Be6 10. Nd5 Rb8 11. Nec3 f5 12. a3 Kh8 13. b4 Qd7 14. b5 Nd8 15. a4 f4 16. Nxe7 Qxe7 17. Ne4 Qd7 18. Kh2 fxg3+ 19. fxg3 Rxf1 20. Qxf1 Nf7 21. Bb2 Rf8 22. Qe2 Qe7 23. Rf1 Kg8 24. a5 h5 25. Bc3 Bf5 26. Bb2 Qd7 1/2-1/2

[Event "8th Holuj-Radzikowska Rapid 2018"]
[Site "Wroclaw"]
[Date "2018.12.11"]
[Round "9"]
[White "Szczepkowska, Karina"]
[Black "Paehtz, Elisabeth"]
[Result "0-1"]
[ECO "B06"]
[WhiteElo "2408"]
[BlackElo "2487"]
[Annotator "RC"]
[PlyCount "80"]
[EventDate "2018.11.26"]
[EventType "schev"]
[EventCountry "POL"]
[SourceTitle "playchess.com"]
[Source "ChessBase"]
[SourceQuality "1"]
[WhiteTeam "Poland"]
[BlackTeam "World"]
[WhiteTeamCountry "POL"]
[TimeControl "900+10"]

1. d4 d6 2. e4 g6 3. Nf3 Bg7 4. c3 Nf6 5. Bd3 Nc6 6. h3 e5 7. dxe5 dxe5 8. Be3 O-O 9. Na3 Qe7 10. Qc2 b6 11. Nc4 Bb7 12. O-O Nh5 13. Bg5 f6 14. Bd2 Nf4 15. Ne3 Kh8 16. Nd5 Nxd5 17. exd5 Nb8 18. c4 f5 19. Bg5 Qd6 20. Nd2 Nd7 21. f4 e4 22. Be2 c6 23. dxc6 Bxc6 24. Nb3 Ba4 25. Rad1 Qc7 26. Rd2 Nc5 27. Rfd1 Ne6 28. Rd6 Rae8 29. Qd2 Nxg5 30. fxg5 Be5 31. Rd5 Bc6 32. Rd7 Bxd7 33. Qxd7 Qxd7 34. Rxd7 a5 35. a4 Rd8 36. Re7 Bxb2 37. g4 Rde8 38. Rb7 f4 39. Rxb6 f3 40. Bf1 e3 0-1

[Event "8th Holuj-Radzikowska Rapid 2018"]
[Site "Wroclaw"]
[Date "2018.12.11"]
[Round "10"]
[White "Zawadzka, Jolanta"]
[Black "Abdumalik, Zhansaya"]
[Result "1/2-1/2"]
[ECO "B40"]
[WhiteElo "2423"]
[BlackElo "2470"]
[Annotator "RC"]
[PlyCount "108"]
[EventDate "2018.11.26"]
[EventType "schev"]
[EventCountry "POL"]
[SourceTitle "playchess.com"]
[Source "ChessBase"]
[SourceQuality "1"]
[WhiteTeam "Poland"]
[BlackTeam "World"]
[WhiteTeamCountry "POL"]
[TimeControl "900+10"]

1. e4 c5 2. Nf3 e6 3. c4 a6 4. Nc3 Qc7 5. Be2 b6 6. O-O Bb7 7. d4 cxd4 8. Nxd4 Nf6 9. f3 Bd6 10. Kh1 Be7 11. Be3 d6 12. Qd2 Nbd7 13. a4 O-O 14. a5 bxa5 15. Nb3 Rab8 16. Nxa5 Ba8 17. Rfc1 h5 18. b4 h4 19. b5 h3 20. g3 Nc5 21. Bf1 axb5 22. cxb5 d5 23. Na4 Nfd7 24. Nxc5 Bxc5 25. Bxc5 Nxc5 26. Qe3 Rbc8 27. Nb3 d4 28. Nxd4 Qd6 29. Bxh3 Bb7 30. Bf1 f5 31. Bg2 f4 32. gxf4 Rxf4 33. Nc6 Bxc6 34. Qxc5 Qxc5 35. Rxc5 Bb7 36. Rxc8+ Bxc8 37. Ra8 Rf8 38. Bh3 Kf7 39. Kg2 Rd8 40. Kg3 Ke7 41. b6 g6 42. Rb8 Bd7 43. Rxd8 Kxd8 44. Kf4 e5+ 45. Kxe5 Bxh3 46. Kf6 Bg2 47. Kxg6 Bxf3 48. e5 Kd7 49. h4 Ke6 50. h5 Kxe5 51. h6 Kd6 52. b7 Kc7 53. Kf5 Bd1 54. Ke5 Bc2 {[%emt 0:00:02] Ke4} 1/2-1/2

[Event "8th Holuj-Radzikowska Rapid 2018"]
[Site "Wroclaw"]
[Date "2018.12.11"]
[Round "10"]
[White "Szczepkowska, Karina"]
[Black "Skripchenko, Almira"]
[Result "1/2-1/2"]
[ECO "A41"]
[WhiteElo "2408"]
[BlackElo "2408"]
[Annotator "NA"]
[PlyCount "33"]
[EventDate "2018.11.26"]
[EventType "schev"]
[EventCountry "POL"]
[SourceTitle "playchess.com"]
[Source "ChessBase"]
[SourceQuality "1"]
[WhiteTeam "Poland"]
[BlackTeam "World"]
[WhiteTeamCountry "POL"]
[TimeControl "900+10"]

1. d4 d6 2. c4 e5 3. Nf3 Nd7 4. Nc3 Ngf6 5. g3 g6 6. Bg2 Bg7 7. O-O O-O 8. Qc2 Re8 9. Rd1 c6 10. b3 exd4 11. Nxd4 Qe7 12. h3 Nc5 13. Bb2 a5 14. a3 Bd7 15. b4 axb4 16. axb4 Rxa1 17. Bxa1 1/2-1/2